 Dungeon Crawl Stone Soup version 0.26.0-91-g99b343417d (webtiles) character file.

Game seed: 434108699322561027

1943 sizableburger the Digger (level 8, -9/52 HPs)
             Began as a Demonspawn Earth Elementalist on Feb 4, 2021.
             Was a Believer of Kikubaaqudgha.
             Mangled by a two-headed ogre
             ... wielding a +0 giant spiked club
              (18 damage)
             ... on level 6 of the Dungeon.
             The game lasted 00:26:08 (7921 turns).

sizableburger the Digger (DsEE)                     Turns: 7921, Time: 00:26:09

Health: -9/52      AC:  4    Str:  8    XL:     8   Next: 98%
Magic:  12/16      EV: 14    Int: 21    God:    Kikubaaqudgha [**....]
Gold:   562        SH:  0    Dex: 14    Spells: 2/17 levels left

rFire    . . .     SeeInvis .   m - +0 whip
rCold    . . .     Faith    .   (no shield)
rNeg     + . .     Spirit   .   c - +1 robe
rPois    .         Reflect  .   n - +1 hat
rElec    .         Harm     .   (no cloak)
rCorr    .         Rampage  .   (no gloves)
Will     +....                  (no boots)
Stlth    ++........             g - amulet of regeneration
HPRegen  0.57/turn              d - ring of positive energy
MPRegen  0.15/turn              r - ring of willpower

@: no status effects
A: claws 1, powered by death 1, miasma immunity, big brain 1
a: Renounce Religion, Receive Corpses


You were on level 6 of the Dungeon.
You worshipped Kikubaaqudgha.
Kikubaaqudgha was pleased with you.
You visited 2 branches of the dungeon, and saw 7 of its levels.
You also visited: Ossuary.

You collected 562 gold pieces.

Inventory:

Hand Weapons
 m - a +0 whip (weapon)
 v - a +0 lajatang
Missiles
 b - 94 stones
Armour
 c - a +1 robe (worn)
 n - a +1 hat (worn)
Jewellery
 d - a ring of positive energy (left claw)
 g - an amulet of regeneration (around neck)
 r - a ring of willpower (right claw)
Wands
 e - a wand of polymorph (5)
 h - a wand of digging (1)
 u - a wand of flame (10)
Scrolls
 a - 2 scrolls of immolation
 f - 7 scrolls of teleportation
 j - a scroll of fog
 l - 3 scrolls of remove curse
 p - a scroll of enchant weapon
 q - 2 scrolls of blinking
Potions
 i - 2 potions of curing {unknown}
 k - 3 potions of flight
 o - a potion of mutation
 s - 2 potions of might
 w - 4 potions of brilliance {unknown}


   Skills:
 - Level 4.5 Dodging
 - Level 1.7 Stealth
 - Level 5.4 Spellcasting
 - Level 5.0 Conjurations
 + Level 1.5 Necromancy
 + Level 6.8 Transmutations
 + Level 7.4 Earth Magic


You had 2 spell levels left.
You knew the following spells:

 Your Spells              Type           Power        Failure   Level
a - Sandblast             Erth           74%          1%          1
b - Passwall              Tmut/Erth      29%          1%          2
c - Stone Arrow           Conj/Erth      62%          2%          3
d - Petrify               Tmut/Erth      35%          5%          4
e - Lee's Rapid Deconstr  Erth           18%          14%         5

Your spell library contained the following spells:

 Spells                   Type           Power        Failure   Level
 Animate Skeleton         Necr           24%          5%          1
 Pain                     Necr           48%          5%          1
 Sublimation of Blood     Necr           6%           9%          2
 Ignite Poison            Fire/Tmut/Pois 15%          12%         3
 Vampiric Draining        Necr           6%           17%         3
 Irradiate                Conj/Tmut      15%          26%         5
 Alistair's Intoxication  Tmut/Pois      13%          56%         5
 Eringya's Noxious Bog    Tmut/Pois      10%          98%         6


Dungeon Overview and Level Annotations

Branches:
Dungeon (6/15)             Temple (1/1) D:4         Ossuary (visited)

Altars:
Ashenzari
Elyvilon
Gozag
Hepliaklqana
Kikubaaqudgha
Makhleb
Okawaru
Qazlal
Ru
Uskayaw
Wu Jian
Xom
Yredelemnul
Zin

Annotations:
D:2 Natasha


Innate Abilities, Weirdness & Mutations

You have sharp fingernails.
You regenerate a little health from kills.
You are immune to miasma.
You have an unusually large brain. (Int +2)


Message History

There is a stone staircase leading up here.
You climb upwards.
There is a stone staircase leading down here.
You start resting.
Magic restored.
You climb downwards.
The two-headed ogre hits you with a +0 giant spiked club!!
The two-headed ogre completely misses you.
There is a stone staircase leading up, spattered with blood here.
Casting: Petrify (dangerous; 5% risk of failure)
Confirm with . or Enter, or press ? or * to list all spells.
Aiming: Petrify (dangerous; 5% risk of failure)
Press: ? - help, Shift-Dir - straight line, f - two-headed ogre
Aim: a two-headed ogre, wielding a +0 giant spiked club and a +0 giant club (chance to affect: 46%)
The two-headed ogre resists with some effort.
The two-headed ogre hits you with a +0 giant spiked club!!
* * * LOW HITPOINT WARNING * * *
The two-headed ogre hits you with a +0 giant club!!
You die...
Kikubaaqudgha rasps: "You have failed me!
Welcome... death!"

#.#.##.##.....
#.#.##.##.####
#.#.##†##.....
#.#........###
#.#..#.###.#
#.#..#...#.#
#.#..###.#.#
###
#.#......#.#
#@#
#.#.######.#
#O#
#..........#
#.#
###.########
#.# #.# #(#
#.# #.# #.#
#.# #.# #.#
#.# #.# #.#


You could see a two-headed ogre.

Vanquished Creatures
  Sigmund (D:3)
  Menkaure (D:4)
  An orc warrior (D:5)
  An ice beast (D:4)
  2 phantoms (D:5)
  A centaur (D:5)
  An ogre (D:5)
  A necrophage (D:4)
  A bullfrog (D:6)
  A big kobold (D:5)
  A scorpion (D:5)
  2 howler monkeys
  The ghost of Hehehe the Magician, a weakling GnWz (D:4)
  2 hounds
  A centaur skeleton (D:3)
  A jelly (D:5)
  2 orc wizards (D:5)
  7 worker ants
  Terence (D:3)
  8 mummies (Ossuary)
  A worker ant zombie (D:5)
  6 adders
  3 gnolls
  A shadow imp (D:5)
  2 white imps (D:5)
  3 adder skeletons
  6 dart slugs
  4 leopard geckos
  14 orcs
  3 ball pythons
  6 bats
  10 giant cockroaches
  6 goblins
  10 hobgoblins
  3 jackals (D:3)
  A quokka (D:3)
  7 frilled lizards
  A hobgoblin zombie (Ossuary)
  12 kobolds
  3 kobold zombies (Ossuary)
  4 orc zombies (Ossuary)
  2 quokka zombies
  4 rats
149 creatures vanquished.

Vanquished Creatures (others)
  2 fungi (D:5)
2 creatures vanquished.

Grand Total: 151 creatures vanquished

Notes
Turn   | Place    | Note
-------+----------+-------------------------------------------
     0 | D:1      | sizableburger the Demonspawn Earth Elementalist began the
                  | quest for the Orb.
     0 | D:1      | Reached XP level 1. HP: 13/13 MP: 3/3
    26 | D:1      | Reached skill level 1 in Transmutations
   248 | D:1      | Gained mutation: You regenerate a little health from kills.
                  | [demonic ancestry]
   248 | D:1      | Reached XP level 2. HP: 16/19 MP: 0/5
   452 | D:1      | Reached skill level 3 in Earth Magic
   528 | D:1      | Learned a level 2 spell: Passwall
   931 | D:1      | Gained mutation: You are immune to miasma. [demonic
                  | ancestry]
   931 | D:1      | Reached XP level 3. HP: 24/24 MP: 3/6
  1293 | D:2      | Learned a level 3 spell: Stone Arrow
  1357 | D:2      | Found a faded altar of an unknown god.
  1488 | D:2      | Noticed Natasha
  1489 | D:2      | You fall into a shaft and drop 2 floors!
  1531 | D:4      | Reached skill level 5 in Spellcasting
  1531 | D:4      | Reached skill level 5 in Transmutations
  1531 | D:4      | Reached skill level 5 in Earth Magic
  1531 | D:4      | Reached XP level 4. HP: 30/30 MP: 8/11
  1607 | D:4      | Reached skill level 5 in Conjurations
  1607 | D:4      | Reached XP level 5. HP: 23/35 MP: 2/12
  1862 | D:4      | Learned a level 4 spell: Petrify
  2142 | D:4      | Found a staircase to the Ecumenical Temple.
  2204 | D:4      | Noticed a necrophage
  2208 | Temple   | Entered the Ecumenical Temple
  2341 | Temple   | Became a worshipper of Kikubaaqudgha
  2356 | D:4      | Killed a necrophage
  2357 | D:4      | Reached skill level 6 in Earth Magic
  2408 | D:4      | Found a runed translucent gate.
  2408 | D:4      | Found a runed translucent gate.
  2408 | D:4      | Found a runed translucent gate.
  2438 | D:4      | Noticed Menkaure
  2467 | D:4      | Killed Menkaure
  2468 | D:4      | Reached XP level 6. HP: 34/41 MP: 2/14
  2487 | D:4      | Learned a level 5 spell: Lee's Rapid Deconstruction
  2635 | D:3      | Found a shimmering altar of Xom.
  2638 | D:3      | Found a shimmering altar of Xom.
  2641 | D:3      | Found a shimmering altar of Xom.
  2643 | D:3      | Found a shimmering altar of Xom.
  2643 | D:3      | Found a shimmering altar of Xom.
  3405 | D:3      | Noticed Sigmund
  3492 | D:3      | Killed Sigmund
  3493 | D:3      | Gained mutation: You have an unusually large brain. (Int
                  | +2) [demonic ancestry]
  3493 | D:3      | Reached XP level 7. HP: 46/46 MP: 4/15
  3603 | D:3      | Noticed Terence
  3615 | D:3      | Killed Terence
  3971 | D:3      | Reached * piety under Kikubaaqudgha
  3971 | D:3      | Identified Kikubaaqudgha's Grimoire of Darkness
                  | (Kikubaaqudgha gifted it to you on level 3 of the Dungeon)
  3971 | D:3      | Received a gift from Kikubaaqudgha
  4055 | D:3      | Found a hide-covered altar of Uskayaw.
  4193 | D:4      | Noticed Hehehe's ghost (weakling GnWz)
  4648 | D:4      | Found a broken altar of Ashenzari.
  4868 | D:4      | Found a sacrificial altar of Ru.
  5070 | D:4      | Killed Hehehe's ghost
  5207 | D:5      | Entered Level 5 of the Dungeon
  5330 | D:5      | Got a twisted bardiche
  5442 | D:5      | Gained mutation: You have sharp fingernails. [demonic
                  | ancestry]
  5442 | D:5      | Reached XP level 8. HP: 30/52 MP: 1/16
  5773 | D:5      | Reached skill level 7 in Earth Magic
  6361 | D:5      | Found an iron altar of Okawaru.
  6921 | D:6      | Reached ** piety under Kikubaaqudgha
  7334 | D:6      | Found a sand-covered staircase.
  7366 | Ossuary  | Entered an ossuary
  7429 | Ossuary  | Reached skill level 1 in Necromancy
  7741 | D:6      | Noticed a two-headed ogre
  7921 | D:6      | Mangled by a two-headed ogre

Illustrated notes

Levels and vault maps discovered:
D:1:      zaba_arrival_water, layout_loops_cross, minmay_octomino_c4
D:2:      layout_basic, chequers_ecumenical_altar_simple,
          kennysheep_nondescript, grunt_ministairs_14, uniq_natasha
D:3:      layout_rooms, xom_redecorated, lemuel_doored_altar,
          portal_sewer_entry_b, uniq_sigmund, uniq_terence
D:4:      layout_layer_cave, nicolae_ru_the_path_less_chosen, marbit_many_paths,
          minmay_temple_entry_grid, ebering_ghost_rock_garden, uniq_menkaure
D:5:      cheibrodos_fzero, layout_rooms, okawaru_ov_weapons_minmay,
          serial_aquarium, aquarium_bridge_square [aquarium_subvault_bridge,
          aquarium_subvault_bridge, aquarium_subvault_bridge,
          aquarium_subvault_wall], aquarium_window_fake, aquarium_window_2,
          aquarium_window_corridor_1, aquarium_window_fake, aquarium_view_2b,
          aquarium_pool_corner
D:6:      layout_basic, lemuel_crystal_altar, chequers_ossuary_entry_cave
Temple:   nicolae_temple_figure_zero

Skill      XL: |  1  2  3  4  5  6  7  8 |
---------------+-------------------------+-----
Transmutations | 1 5 6 |  6.8
Earth Magic    | 3 5 6 7 |  7.4
Spellcasting   | 5 |  5.4
Conjurations   | 4 5 |  5.0
Dodging        | 2 3 4 |  4.5
Necromancy     | 1 |  1.5
Stealth        | |  1.7

Action                   |  1- 3 |  4- 6 |  7- 9 || total
-------------------------+-------+-------+-------++-------
Melee: Unarmed           |    10 |    24 |    22 ||    56
       Whip              |       |    26 |   288 ||   314
 Cast: Sandblast         |    47 |    11 |    22 ||    80
       Stone Arrow       |     1 |    30 |    26 ||    57
       Petrify           |       |     3 |    11 ||    14
       Passwall          |       |     2 |     6 ||     8
       Lee's Rapid Decon |       |     1 |    22 ||    23
Evoke: Wand              |       |     1 |     5 ||     6
  Use: Scroll            |    13 |       |     4 ||    17
       Potion            |     1 |     4 |     5 ||    10
 Stab: Petrified         |       |    33 |    31 ||    64
       Sleeping          |       |       |     2 ||     2
       Distracted        |       |       |     1 ||     1
Armor: Robe              |     7 |    24 |    59 ||    90
       Skin              |       |       |    15 ||    15
Dodge: Dodged            |    14 |    57 |   233 ||   304
